 Dungeon Crawl Stone Soup version 0.23.2-1-ga50397a (webtiles) character file.

Game seed: 1405228646643992753

389 MalarOregon the Chiller (level 6, -5/43 HPs)
             Began as a Merfolk Ice Elementalist on May 25, 2019.
             Killed by divine providence
             ... invoked by an orc priest
              (15 damage)
             ... on level 4 of the Dungeon.
             The game lasted 00:08:47 (4622 turns).

MalarOregon the Chiller (Merfolk Ice Elementalist)  Turns: 4622, Time: 00:08:48

Health: -5/43      AC:  2    Str:  8    XL:     6   Next: 79%
Magic:  8/12       EV: 14    Int: 17    God:
Gold:   143        SH:  0    Dex: 14    Spells: 6/13 levels left

rFire    . . .     SeeInvis .   k - +0 dagger (venom)
rCold    . . .     Gourm    .   (no shield)
rNeg     . . .     Faith    .   a - +0 robe
rPois    .         Spirit   .   (no helmet)
rElec    .         Reflect  .   (no cloak)
rCorr    .         Harm     .   (no gloves)
MR       .....                  (no boots)
Stlth    ++........             (no amulet)
HPRegen  0.14/turn              f - ring of flight
MPRegen  0.13/turn              (no ring)

@: about to teleport
A: change form in water, swift swim, stealthy swim
a: Evoke Flight


You were on level 4 of the Dungeon.
You were not hungry.

You visited 1 branch of the dungeon, and saw 4 of its levels.

You collected 143 gold pieces.

Inventory:

Hand Weapons
 b - a +2 dagger of draining
   (You took it off a goblin on level 1 of the Dungeon)
 k - a +0 dagger of venom (weapon)
   (You took it off an orc wizard on level 3 of the Dungeon)
Armour
 a - a +0 robe (worn)
Jewellery
 f - a ring of flight (left hand)
   (You found it on level 1 of the Dungeon)
 n - a cursed -2 ring of strength {unknown}
   (You found it on level 3 of the Dungeon)
Wands
 u - a wand of paralysis (3)
   (You took it off Ijyb on level 4 of the Dungeon)
 v - a wand of digging (4)
   (You found it on level 3 of the Dungeon)
Scrolls
 c - 3 scrolls of amnesia
 g - 3 scrolls of identify {@r1}
 i - a scroll of blinking
 l - a scroll of random uselessness {unknown}
 o - a scroll of teleportation {@r4}
 q - a scroll of remove curse {@r2}
 r - a scroll of magic mapping {unknown}
 s - a scroll of enchant weapon {unknown}
Potions
 d - a potion of flight
 h - a potion of curing {@q1}
 j - a potion of degeneration {unknown}
 m - 2 potions of heal wounds {unknown}
Comestibles
 e - 5 rations {!d}


   Skills:
 - Level 1.0 Fighting
 + Level 4.8 Dodging
 - Level 2.1 Stealth
 + Level 4.2 Spellcasting
 - Level 0.7 Conjurations
 + Level 5.6 Ice Magic


You had 6 spell levels left.
You knew the following spells:

 Your Spells              Type           Power        Failure   Level  Hunger
a - Freeze                Ice            ###.         1%          1    None
c - Throw Icicle          Conj/Ice       ##......     38%         4    ####...
x - Throw Frost           Conj/Ice       ##....       6%          2    ##.....

Your spell library contained the following spells:

 Spells                   Type           Power        Failure   Level  Hunger
 Ozocubu's Armour         Chrm/Ice       ##......     14%         3    ###....
 Summon Ice Beast         Ice/Summ       ##......     43%         4    ####...


Dungeon Overview and Level Annotations

Branches:
Dungeon (4/15)
 Temple: D:4-7

Altars:
Kikubaaqudgha
Qazlal
Wu Jian
Xom


Message History

* * * LOW HITPOINT WARNING * * *
Aim: a killer bee (almost dead)
You freeze the killer bee!
You kill the killer bee!
Your surroundings suddenly seem different.
You start resting.
An orc priest comes into view. It is wielding a +0 flail.
You open the door.
The orc priest shouts!
Found 9 gold pieces.
There is an open door here.
You close the door.
You start resting.
An orc priest opens the door.
It is wielding a +0 flail.
You close the door.
An orc priest opens the door.
You close the door.
An orc priest opens the door.
You close the door.
An orc priest opens the door.
You close the door.
An orc priest opens the door.
You close the door.
An orc priest opens the door.
You close the door.
An orc priest opens the door.
You close the door.
An orc priest opens the door.
You close the door.
An orc priest opens the door.
You close the door.
An orc priest opens the door.
You close the door.
An orc priest opens the door.
You close the door.
An orc priest opens the door.
You close the door.
An orc priest opens the door.
You close the door.
An orc priest opens the door.
You close the door.
An orc priest opens the door.
You close the door.
An orc priest opens the door.
A bullfrog skeleton comes into view.
You close the door.
An orc priest opens the door.
As you close the door, it creaks loudly!
An orc priest opens the door.
The bullfrog skeleton hits you but does no damage.
Found 31 arrows.
Found an escape hatch in the floor.
You open the door. The bullfrog skeleton misses you.
The orc priest looks encouraged for a moment.
The bullfrog skeleton hits you.
* * * LOW HITPOINT WARNING * * *
There is an open door here.
As you read the scroll of teleportation {@r4}, it crumbles to dust.
You feel strangely unstable.
The bullfrog skeleton barely misses you.
Unknown command.
The bullfrog skeleton hits you.
* * * LOW HITPOINT WARNING * * *
The orc priest invokes the aid of Beogh against you.
Beogh smites you!
You die...

#.......# .. .......
#.......#...
........#########.#######...
........#.......#...........
........'.......#...........
>.......#.......#......##..
........#.......##.....#####
........#.......##.....##...
........o.Z@....+...........
........####'#####..........
..........o......#.....##...
.(...............#.....##...
.................#.....##...
.................#.....##...
.............$...#.......>..
#+######.........#..........
+.........#..........


You could see an orc priest and a bullfrog skeleton.

Vanquished Creatures
  3 killer bees (D:4)
  A hound (D:3)
  An orc wizard (D:3)
  Ijyb (D:4)
  A hound skeleton (D:4)
  3 gnolls (D:2)
  5 adders (D:2)
  2 worms (D:3)
  2 leopard geckos
  4 orcs (D:3)
  2 ball pythons
  9 bats
  3 giant cockroaches (D:1)
  7 goblins
  8 hobgoblins
  5 jackals (D:2)
  A quokka (D:3)
  4 frilled lizards
  10 kobolds
  8 rats
80 creatures vanquished.

Notes
Turn   | Place    | Note
-------+----------+-------------------------------------------
     0 | D:1      | MalarOregon the Merfolk Ice Elementalist began the quest
                  | for the Orb.
     0 | D:1      | Reached XP level 1. HP: 13/13 MP: 3/3
   383 | D:1      | Reached XP level 2. HP: 19/19 MP: 5/5
   751 | D:1      | Reached XP level 3. HP: 24/24 MP: 6/6
   944 | D:2      | Found an ornate altar of the Wu Jian Council.
   948 | D:2      | Reached skill level 4 in Ice Magic
  1212 | D:2      | Reached XP level 4. HP: 28/30 MP: 4/8
  1435 | D:2      | Learned a level 2 spell: Throw Frost
  1440 | D:2      | Learned a level 4 spell: Throw Icicle
  2106 | D:2      | Found a stormy altar of Qazlal.
  2625 | D:2      | Reached skill level 1 in Fighting
  2625 | D:2      | Reached XP level 5. HP: 37/37 MP: 0/10
  3198 | D:3      | Found a shimmering altar of Xom.
  3596 | D:3      | Reached skill level 5 in Ice Magic
  4314 | D:4      | Noticed Ijyb
  4315 | D:4      | Paralysed by Ijyb for 4 turns
  4321 | D:4      | Paralysed by Ijyb for 7 turns
  4333 | D:4      | Killed Ijyb
  4333 | D:4      | Reached XP level 6. HP: 37/43 MP: 2/11
  4552 | D:4      | Found an ancient bone altar of Kikubaaqudgha.
  4622 | D:4      | Killed from afar by an orc priest

Skill      XL: |  1  2  3  4  5  6 |
---------------+-------------------+-----
Ice Magic      | 4 5 |  5.6
Spellcasting   | 3 4 |  4.2
Dodging        | 3 4 |  4.8
Fighting       | 1 |  1.0
Stealth        | |  2.1
Conjurations   | |  0.7

Action                   |  1- 3 |  4- 6 || total
-------------------------+-------+-------++-------
Melee: Dagger            |    56 |    76 ||   132
 Cast: Freeze            |    25 |    40 ||    65
       Throw Frost       |       |    42 ||    42
  Use: Scroll            |     1 |     5 ||     6
       Potion            |       |     3 ||     3
 Stab: Sleeping          |     1 |     3 ||     4
       Distracted        |       |     1 ||     1
  Eat: Chunk             |     1 |    13 ||    14
Armor: Robe              |    10 |    12 ||    22
Dodge: Dodged            |    55 |   100 ||   155
